Devils vs Penguins
Created - 25 février 2017 at 23:02
Goals
|
| Devils |
0 |
1 |
1 |
2 |
| Penguins |
2 |
1 |
1 |
4 |
|
Shots
|
| Devils |
14 |
7 |
11 |
32 |
| Penguins |
19 |
12 |
3 |
34 |
|
1st period
1. Penguins , Dion Phaneuf 14 (Sean Zimmerman) at 1:51 (PP)
2. Penguins , Dion Phaneuf 15 (Sean Zimmerman, Brian Elliott) at 9:58 (PP)
Penalties :
Adam Pardy (NJD) for Tripping (Minor) at 1:19, Chris Phillips (NJD) for Tripping (Minor) at 9:43, Drew Miller (NJD) for Goalie Interference (Minor) at 18:43
2nd period
3. Penguins , Bobby Ryan 25 (Luke Schenn, Duncan Keith) at 17:50
4. Devils , Chris Phillips 2 (Matt Duchene, Ilya Kovalchuk) at 19:41
Penalties :
Nathan Horton (Pit) for Interference (Minor) at 1:38, Drew Miller (NJD) for Hooking (Minor) at 8:45, Max Pacioretty (Pit) for Hooking (Minor) at 19:48
3rd period
5. Devils , Michael Frolik 15 (Vincent Lecavalier, Chris Mcallister) at 5:56
6. Penguins , Steven Stamkos 37 (Luke Schenn, Max Pacioretty) at 16:22
Penalties :
Max Pacioretty (Pit) for High sticking (Minor) at 10:43
Goalie Stats
Cam Ward (NJD), 30 saves from 34 shots - (0,882), L, 20-23-4, 60:00 minutes
Brian Elliott (Pit), 30 saves from 32 shots - (0,938), W, 31-7-2, 60:00 minutes
Players Stats for Devils
Player Name G A P +/- PIM S H SB GA TA FO MP PP MP PK MP
------------------------------------------------------------------------------------
Adam Pardy 0 0 0 -1 2 0 2 0 0 0 0/0 17:35 2:50 0:57
Alexandre Burrows 0 0 0 0 0 2 1 0 0 0 0/0 9:16 0:00 1:23
Brad Richardson 0 0 0 0 0 5 0 0 0 1 0/0 7:08 0:00 0:00
Brent Seabrook 0 0 0 0 0 3 1 2 0 0 0/0 27:09 3:07 3:48
Chris Mcallister 0 1 1 -2 0 0 1 2 0 0 0/0 12:10 0:00 0:09
Chris Phillips 1 0 1 0 2 2 2 2 0 0 0/0 22:03 2:50 0:00
Drew Miller 0 0 0 1 4 2 4 0 1 0 0/1 20:17 2:48 0:07
Ilya Kovalchuk 0 1 1 1 0 3 4 0 0 1 0/0 16:02 3:09 0:00
Jay McKee 0 0 0 -1 0 0 0 1 0 1 0/0 12:05 0:00 0:57
Karl Alzner 0 0 0 1 0 1 1 0 0 2 0/0 19:37 3:07 0:00
Matt Duchene 0 1 1 1 0 2 0 0 1 0 7/13 15:38 2:48 0:16
Michael Frolik 1 0 1 1 0 5 2 2 0 1 2/3 22:33 2:48 3:06
Mike Komisarek 0 0 0 1 0 2 1 2 0 1 0/0 21:29 0:00 3:48
Rene Bourque 0 0 0 -2 0 0 0 1 1 0 1/1 11:40 0:00 0:00
Steve Ott 0 0 0 -2 0 0 2 0 0 0 3/5 13:45 0:00 1:23
Tyler Arnason 0 0 0 0 0 0 2 0 0 0 0/4 7:06 0:00 0:00
Vincent Lecavalier 0 1 1 1 0 3 5 1 1 2 15/38 23:17 3:09 3:06
Vladimir Tarasenko 0 0 0 1 0 2 1 0 0 0 1/1 16:21 3:09 0:00
Players Stats for Penguins
Player Name G A P +/- PIM S H SB GA TA FO MP PP MP PK MP
------------------------------------------------------------------------------------
Bobby Ryan 1 0 1 0 0 6 1 1 1 0 1/1 21:07 3:09 1:06
Brayden Schenn 0 0 0 0 0 0 3 3 0 0 2/6 10:39 0:00 3:09
Brian McGrattan 0 0 0 0 0 2 3 0 1 1 0/0 11:28 0:00 0:00
Derek Joslin 0 0 0 0 0 2 0 1 1 1 0/0 12:50 0:00 0:00
Dion Phaneuf 2 0 2 -1 0 4 1 2 0 1 0/0 26:36 3:22 3:13
Duncan Keith 0 1 1 1 0 0 1 1 0 0 0/0 20:34 1:23 2:44
Dustin Penner 0 0 0 0 0 1 3 0 0 0 0/0 13:42 0:00 1:57
Josef Vasicek 0 0 0 0 0 3 1 0 1 0 2/6 12:55 0:00 1:06
Luke Schenn 0 2 2 1 0 2 0 0 1 1 0/0 20:34 1:23 2:44
Max Pacioretty 0 1 1 0 4 2 1 1 0 0 1/1 20:41 3:09 0:46
Nathan Horton 0 0 0 0 2 2 0 0 1 0 0/1 16:54 1:36 2:08
Nikita Alexeev 0 0 0 0 0 1 0 0 0 0 0/0 7:30 0:00 0:00
Paul Ranger 0 0 0 0 0 0 1 1 0 0 0/0 12:50 0:00 0:00
Sam Gagner 0 0 0 0 0 1 1 0 0 0 10/16 16:46 1:36 1:42
Sean Zimmerman 0 2 2 -1 0 2 0 2 0 0 0/0 26:36 3:22 3:13
Simon Gagné 0 0 0 0 0 2 1 1 1 0 1/1 14:47 1:36 0:00
Steve Sullivan 0 0 0 0 0 0 1 0 0 0 1/2 7:30 0:00 0:00
Steven Stamkos 1 0 1 0 0 4 0 0 2 0 19/32 20:01 3:09 0:00
3 Stars
1 - Dion Phaneuf (Pit)
2 - Michael Frolik (NJD)
3 - Vincent Lecavalier (NJD)
Power Play
Devils - 0 on 3 Attempt(s) - 0,00%
Penguins - 2 on 4 Attempt(s) - 50,00%
Penalty Kill
Devils - 2 on 4 Attempt(s) - 50,00%
- Score 0 goal in Penalty Kill
Penguins - 3 on 3 Attempt(s) - 100,00%
- Score 0 goal in Penalty Kill
Team Stat
Devils - Hits : 29 - Faceoff Wins : 29 - Blocked Shots : 13 - Penalty Minutes : 8
Penguins - Hits : 18 - Faceoff Wins : 37 - Blocked Shots : 13 - Penalty Minutes : 6
Official
Referees : Rooney Chris and Joannette Marc
Linesman : Dan Schachte and Mark Wheler
Game Notes
No Game Note
Finance
Level 1 -- Attendance: 6000 (100,00%) -- Ticket Income 462 000 $
Level 2 -- Attendance: 4937 (98,74%) -- Ticket Income 222 165 $
Level 3 -- Attendance: 1988 (99,40%) -- Ticket Income 55 664 $
Level 4 -- Attendance: 3980 (99,50%) -- Ticket Income 79 600 $
Luxury Box -- Attendance: 1000 (100,00%) -- Ticket Income 160 000 $
Game was played at the Igloo.
Total Attendance: 17905 (99,47%)
Total Ticket Income: 979 429 $
Other Income: 146 914 $
Total Income: 1 126 343 $
Devils
5 vs 5 Forward
Center Left Wing Right Wing Time % Phy DF OF
1 Vincent Lecavalier Drew Miller Michael Frolik 40 0 2 3
2 Matt Duchene Ilya Kovalchuk Vladimir Tarasenko 30 0 2 3
3 Steve Ott Chris Mcallister Rene Bourque 20 0 2 3
4 Tyler Arnason Alexandre Burrows Brad Richardson 10 0 2 3
5 vs 5 Defense
Defense Defense Time % Phy DF OF
1 Brent Seabrook Chris Phillips 40 1 2 2
2 Mike Komisarek Karl Alzner 30 1 2 2
3 Jay McKee Adam Pardy 20 1 2 2
4 Brent Seabrook Adam Pardy 10 1 2 2
PowerPlay Forward
Center Left Wing Right Wing Time % Phy DF OF
1 Matt Duchene Drew Miller Michael Frolik 60 0 1 4
2 Vincent Lecavalier Ilya Kovalchuk Vladimir Tarasenko 40 0 1 4
PowerPlay Defense
Defense Defense Time % Phy DF OF
1 Brent Seabrook Karl Alzner 60 1 2 2
2 Chris Phillips Adam Pardy 40 1 2 2
Penalty Kill 4 Players Forward
Center Wing Time % Phy DF OF
1 Vincent Lecavalier Michael Frolik 60 1 2 2
2 Steve Ott Drew Miller 40 1 2 2
Penalty Kill 4 Players Defense
Defense Defense Time % Phy DF OF
1 Brent Seabrook Mike Komisarek 60 1 2 2
2 Adam Pardy Jay McKee 40 1 2 2
Penalty Kill - 3 Players Forward
Forward Time % Phy DF OF
1 Drew Miller 60 1 2 2
2 Vincent Lecavalier 40 1 2 2
Penalty Kill - 3 Players Defense
Defense Defense Time % Phy DF OF
1 Adam Pardy Jay McKee 60 1 2 2
2 Mike Komisarek Brent Seabrook 40 1 2 2
4 vs 4 Forward
Center Wing Time % Phy DF OF
1 Vincent Lecavalier Michael Frolik 60 1 2 2
2 Matt Duchene Ilya Kovalchuk 40 1 2 2
4 vs 4 Defense
Defense Defense Time % Phy DF OF
1 Karl Alzner Brent Seabrook 60 1 2 2
2 Mike Komisarek Jay McKee 40 1 2 2
Last Minutes Offensive
Center Left Wing Right Wing Defense Defense
Matt Duchene Ilya Kovalchuk Michael Frolik Brent Seabrook Chris Phillips
Last Minutes Defensive
Center Left Wing Right Wing Defense Defense
Vincent Lecavalier Ilya Kovalchuk Michael Frolik Mike Komisarek Brent Seabrook
Goaltenders
Starting : Cam Ward
Backup : James Reimer
Extra Forwards
Normal : Vladimir Tarasenko, Chris Mcallister, Vincent Lecavalier - PP : Matt Duchene, Steve Ott - PK : Vincent Lecavalier
Extra Defensemen
Normal : Brent Seabrook, Karl Alzner, Adam Pardy - PP : Chris Phillips - PK : Karl Alzner, Brent Seabrook
Penalty Shots
Ilya Kovalchuk, Michael Frolik, Vincent Lecavalier, Vladimir Tarasenko, Rene Bourque
Penguins
5 vs 5 Forward
Center Left Wing Right Wing Time % Phy DF OF
1 Steven Stamkos Max Pacioretty Bobby Ryan 40 0 2 3
2 Sam Gagner Simon Gagné Nathan Horton 30 0 2 3
3 Josef Vasicek Dustin Penner Brian McGrattan 20 0 2 3
4 Brayden Schenn Steve Sullivan Nikita Alexeev 10 0 2 3
5 vs 5 Defense
Defense Defense Time % Phy DF OF
1 Sean Zimmerman Dion Phaneuf 45 1 2 2
2 Luke Schenn Duncan Keith 33 1 2 2
3 Paul Ranger Derek Joslin 22 1 2 2
4 Luke Schenn Dion Phaneuf 0 1 2 2
PowerPlay Forward
Center Left Wing Right Wing Time % Phy DF OF
1 Steven Stamkos Max Pacioretty Bobby Ryan 60 0 1 4
2 Sam Gagner Simon Gagné Nathan Horton 40 0 1 4
PowerPlay Defense
Defense Defense Time % Phy DF OF
1 Sean Zimmerman Dion Phaneuf 60 0 2 3
2 Luke Schenn Duncan Keith 40 0 2 3
Penalty Kill 4 Players Forward
Center Wing Time % Phy DF OF
1 Brayden Schenn Nathan Horton 60 0 4 1
2 Josef Vasicek Bobby Ryan 40 0 4 1
Penalty Kill 4 Players Defense
Defense Defense Time % Phy DF OF
1 Sean Zimmerman Dion Phaneuf 60 1 4 0
2 Luke Schenn Duncan Keith 40 1 4 0
Penalty Kill - 3 Players Forward
Forward Time % Phy DF OF
1 Nathan Horton 60 0 4 1
2 Bobby Ryan 40 0 4 1
Penalty Kill - 3 Players Defense
Defense Defense Time % Phy DF OF
1 Sean Zimmerman Dion Phaneuf 60 1 4 0
2 Luke Schenn Duncan Keith 40 1 4 0
4 vs 4 Forward
Center Wing Time % Phy DF OF
1 Steven Stamkos Bobby Ryan 60 0 2 3
2 Sam Gagner Nathan Horton 40 0 2 3
4 vs 4 Defense
Defense Defense Time % Phy DF OF
1 Sean Zimmerman Dion Phaneuf 60 1 2 2
2 Luke Schenn Duncan Keith 40 1 2 2
Last Minutes Offensive
Center Left Wing Right Wing Defense Defense
Steven Stamkos Max Pacioretty Bobby Ryan Sean Zimmerman Dion Phaneuf
Last Minutes Defensive
Center Left Wing Right Wing Defense Defense
Brayden Schenn Simon Gagné Nathan Horton Sean Zimmerman Dion Phaneuf
Goaltenders
Starting : Brian Elliott
Backup : Josh Tordjman
Extra Forwards
Normal : Steven Stamkos, Sam Gagner, Josef Vasicek - PP : Steven Stamkos, Sam Gagner - PK : Nathan Horton
Extra Defensemen
Normal : Dion Phaneuf, Duncan Keith, Paul Ranger - PP : Paul Ranger - PK : Sean Zimmerman, Luke Schenn
Penalty Shots
Max Pacioretty, Bobby Ryan, Nathan Horton, Steven Stamkos, Simon Gagné
% Time on Ice - Devils
Lines # - Real PCT - Wanted PCT - Time Play
Normal Forward
1 - 34% - 40% - 16:57
2 - 28% - 30% - 13:35
3 - 24% - 20% - 11:40
4 - 14% - 10% - 7:06
Normal Defense
1 - 38% - 40% - 18:30
2 - 35% - 30% - 17:27
3 - 22% - 20% - 11:05
4 - 5% - 10% - 2:16
PP Forward
1 - 47% - 60% - 2:48
2 - 53% - 40% - 3:09
PP Defense
1 - 52% - 60% - 3:07
2 - 48% - 40% - 2:50
PK Forward
1 - 71% - 60% - 3:22
2 - 29% - 40% - 1:23
PK Defense
1 - 80% - 60% - 3:48
2 - 20% - 40% - 0:57
PK3 Forward
1 - 0% - 60%
2 - 0% - 40%
PK3 Defense
1 - 0% - 60%
2 - 0% - 40%
44 Forward
1 - 0% - 60%
2 - 0% - 40%
44 Defense
1 - 0% - 60%
2 - 0% - 40%
Last Minute Offensive - 0:00
Last Minute Defensive - 0:00
Total
Forward - 60:00
Defense - 60:00
|
% Time on Ice - Penguins
Lines # - Real PCT - Wanted PCT - Time Play
Normal Forward
1 - 35% - 40% - 17:09
2 - 27% - 30% - 13:11
3 - 23% - 20% - 11:28
4 - 15% - 10% - 7:30
Normal Defense
1 - 41% - 45% - 20:01
2 - 33% - 33% - 16:27
3 - 26% - 22% - 12:50
4 - 0% - 0% - 0:00
PP Forward
1 - 66% - 60% - 3:09
2 - 34% - 40% - 1:36
PP Defense
1 - 71% - 60% - 3:22
2 - 29% - 40% - 1:23
PK Forward
1 - 82% - 60% - 4:51
2 - 18% - 40% - 1:06
PK Defense
1 - 54% - 60% - 3:13
2 - 46% - 40% - 2:44
PK3 Forward
1 - 0% - 60%
2 - 0% - 40%
PK3 Defense
1 - 0% - 60%
2 - 0% - 40%
44 Forward
1 - 0% - 60%
2 - 0% - 40%
44 Defense
1 - 0% - 60%
2 - 0% - 40%
Last Minute Offensive - 0:00
Last Minute Defensive - 0:00
Total
Forward - 60:00
Defense - 60:00
|
Play by Play
1st period
0:01 of 1st period - Vincent Lecavalier wins face-off versus Steven Stamkos in neutral zone.
0:16 of 1st period - Snap shot by Drew Miller.
0:16 of 1st period - Shot Misses the Net.
1:17 of 1st period - Snap shot by Steven Stamkos.
1:17 of 1st period - Shot Misses the Net.
1:19 of 1st period - Minor Penalty to Adam Pardy for Tripping.
1:20 of 1st period - Steven Stamkos wins face-off versus Vincent Lecavalier in Devils zone.
1:21 of 1st period - Wrist shot by Bobby Ryan.
1:21 of 1st period - Stopped by Cam Ward without a rebound.
1:22 of 1st period - Steven Stamkos wins face-off versus Vincent Lecavalier in Devils zone.
1:23 of 1st period - Wrist shot by Bobby Ryan.
1:23 of 1st period - Shot Misses the Net.
1:25 of 1st period - Slapshot by Sean Zimmerman.
1:25 of 1st period - Stopped by Cam Ward without a rebound.
1:26 of 1st period - Vincent Lecavalier wins face-off versus Steven Stamkos in Devils zone.
1:41 of 1st period - Slapshot by Vincent Lecavalier.
1:41 of 1st period - Shot Blocked by Dion Phaneuf.
1:51 of 1st period - Slapshot by Dion Phaneuf.
1:51 of 1st period - Goal by Dion Phaneuf - Devils : 0 - Penguins : 1.
1:52 of 1st period - Sam Gagner wins face-off versus Vincent Lecavalier in neutral zone.
2:05 of 1st period - Snap shot by Vincent Lecavalier.
2:05 of 1st period - Stopped by Brian Elliott with a rebound.
3:08 of 1st period - Wrist shot by Simon Gagné.
3:08 of 1st period - Stopped by Cam Ward with a rebound.
3:22 of 1st period - Wrist shot by Sam Gagner.
3:22 of 1st period - Shot Misses the Net.
4:12 of 1st period - Slapshot by Matt Duchene.
4:12 of 1st period - Stopped by Brian Elliott with a rebound.
4:14 of 1st period - Snap shot by Ilya Kovalchuk.
4:14 of 1st period - Deflect By Vladimir Tarasenko.
4:14 of 1st period - Shot Misses the Net.
4:14 of 1st period - Puck is out of play.
4:15 of 1st period - Vincent Lecavalier wins face-off versus Steven Stamkos in Penguins zone.
4:16 of 1st period - Wrist shot by Michael Frolik.
4:16 of 1st period - Stopped by Brian Elliott without a rebound.
4:17 of 1st period - Max Pacioretty wins face-off versus Vincent Lecavalier in Penguins zone.
4:34 of 1st period - Wrist shot by Bobby Ryan.
4:34 of 1st period - Stopped by Cam Ward without a rebound.
4:35 of 1st period - Josef Vasicek wins face-off versus Steve Ott in Devils zone.
4:44 of 1st period - Snap shot by Josef Vasicek.
4:44 of 1st period - Deflect By Dustin Penner.
4:44 of 1st period - Shot Misses the Net.
4:44 of 1st period - Puck is out of play.
4:45 of 1st period - Steve Ott wins face-off versus Josef Vasicek in Devils zone.
5:06 of 1st period - Snap shot by Brian McGrattan.
5:06 of 1st period - Shot Misses the Net.
5:38 of 1st period - Wrist shot by Steve Ott.
5:38 of 1st period - Shot Misses the Net.
5:48 of 1st period - Steve Ott is hit by Dustin Penner.
6:10 of 1st period - Snap shot by Brian McGrattan.
6:10 of 1st period - Shot Hit the Post.
6:12 of 1st period - Slapshot by Dustin Penner.
6:12 of 1st period - Shot Misses the Net.
6:14 of 1st period - Backhand shot by Paul Ranger.
6:14 of 1st period - Shot Blocked by Mike Komisarek.
6:16 of 1st period - Slapshot by Brian McGrattan.
6:16 of 1st period - Shot Misses the Net.
6:20 of 1st period - Snap shot by Josef Vasicek.
6:20 of 1st period - Shot Blocked by Chris Mcallister.
6:22 of 1st period - Wrist shot by Josef Vasicek.
6:22 of 1st period - Deflect By Steve Ott.
6:22 of 1st period - Stopped by Cam Ward without a rebound.
6:23 of 1st period - Vincent Lecavalier wins face-off versus Steven Stamkos in Devils zone.
6:30 of 1st period - Steven Stamkos is hit by Vincent Lecavalier and loses puck.
6:37 of 1st period - Snap shot by Michael Frolik.
6:37 of 1st period - Deflect By Drew Miller.
6:37 of 1st period - Shot Blocked by Sean Zimmerman.
6:37 of 1st period - Puck is out of play.
6:38 of 1st period - Steven Stamkos wins face-off versus Vincent Lecavalier in Penguins zone.
6:47 of 1st period - Slapshot by Steven Stamkos.
6:47 of 1st period - Shot Misses the Net.
6:49 of 1st period - Wrist shot by Bobby Ryan.
6:49 of 1st period - Shot Blocked by Michael Frolik.
6:51 of 1st period - Snap shot by Bobby Ryan.
6:51 of 1st period - Stopped by Cam Ward with a rebound.
7:03 of 1st period - Steve Sullivan is hit by Tyler Arnason and loses puck.
8:11 of 1st period - Dion Phaneuf is hit by Drew Miller and loses puck.
8:26 of 1st period - Slapshot by Matt Duchene.
8:26 of 1st period - Stopped by Brian Elliott without a rebound.
8:27 of 1st period - Matt Duchene wins face-off versus Sam Gagner in Penguins zone.
8:52 of 1st period - Wrist shot by Brad Richardson.
8:52 of 1st period - Stopped by Brian Elliott with a rebound.
8:54 of 1st period - Snap shot by Brad Richardson.
8:54 of 1st period - Shot Blocked by Derek Joslin.
8:56 of 1st period - Wrist shot by Alexandre Burrows.
8:56 of 1st period - Shot Blocked by Paul Ranger.
8:58 of 1st period - Snap shot by Brad Richardson.
8:58 of 1st period - Shot Misses the Net.
9:12 of 1st period - Paul Ranger is hit by Steve Ott and loses puck.
9:21 of 1st period - Steve Ott is hit by Max Pacioretty and loses puck.
9:40 of 1st period - Snap shot by Bobby Ryan.
9:40 of 1st period - Deflect By Rene Bourque.
9:40 of 1st period - Shot Misses the Net.
9:40 of 1st period - Puck is out of play.
9:41 of 1st period - Vincent Lecavalier wins face-off versus Steve Sullivan in Devils zone.
9:43 of 1st period - Minor Penalty to Chris Phillips for Tripping.
9:44 of 1st period - Sam Gagner wins face-off versus Michael Frolik in Devils zone.
9:44 of 1st period - Wrist shot by Simon Gagné.
9:44 of 1st period - Stopped by Cam Ward without a rebound.
9:45 of 1st period - Vincent Lecavalier wins face-off versus Sam Gagner in Devils zone.
9:58 of 1st period - Wrist shot by Dion Phaneuf.
9:58 of 1st period - Goal by Dion Phaneuf - Devils : 0 - Penguins : 2.
9:59 of 1st period - Michael Frolik wins face-off versus Steven Stamkos in neutral zone.
10:06 of 1st period - Wrist shot by Vincent Lecavalier.
10:06 of 1st period - Shot Blocked by Max Pacioretty.
10:11 of 1st period - Off-side.
10:12 of 1st period - Michael Frolik wins face-off versus Steven Stamkos in neutral zone.
10:21 of 1st period - Dion Phaneuf is hit by Chris Phillips and loses puck.
10:38 of 1st period - Chris Phillips is hit by Brayden Schenn and loses puck.
11:03 of 1st period - Wrist shot by Josef Vasicek.
11:03 of 1st period - Stopped by Cam Ward with a rebound.
11:37 of 1st period - Max Pacioretty is hit by Drew Miller and loses puck.
11:42 of 1st period - Snap shot by Vincent Lecavalier.
11:42 of 1st period - Shot Misses the Net.
11:46 of 1st period - Snap shot by Michael Frolik.
11:46 of 1st period - Shot Blocked by Sean Zimmerman.
11:48 of 1st period - Slapshot by Vincent Lecavalier.
11:48 of 1st period - Shot Blocked by Dion Phaneuf.
12:00 of 1st period - Slapshot by Ilya Kovalchuk.
12:00 of 1st period - Stopped by Brian Elliott with a rebound.
12:08 of 1st period - Slapshot by Dion Phaneuf.
12:08 of 1st period - Deflect By Ilya Kovalchuk.
12:08 of 1st period - Stopped by Cam Ward without a rebound.
12:09 of 1st period - Vincent Lecavalier wins face-off versus Steven Stamkos in Devils zone.
12:35 of 1st period - Jay McKee is hit by Brian McGrattan.
13:20 of 1st period - Snap shot by Vincent Lecavalier.
13:20 of 1st period - Shot Blocked by Brayden Schenn.
13:22 of 1st period - Snap shot by Drew Miller.
13:22 of 1st period - Deflect By Michael Frolik.
13:22 of 1st period - Stopped by Brian Elliott without a rebound.
13:23 of 1st period - Steven Stamkos wins face-off versus Vincent Lecavalier in Penguins zone.
13:32 of 1st period - Snap shot by Bobby Ryan.
13:32 of 1st period - Shot Blocked by Michael Frolik.
13:38 of 1st period - Snap shot by Michael Frolik.
13:38 of 1st period - Shot Misses the Net.
13:48 of 1st period - Ilya Kovalchuk is hit by Dustin Penner and loses puck.
13:59 of 1st period - Snap shot by Josef Vasicek.
13:59 of 1st period - Shot Misses the Net.
14:41 of 1st period - Slapshot by Chris Phillips.
14:41 of 1st period - Stopped by Brian Elliott with a rebound.
15:03 of 1st period - Slapshot by Dion Phaneuf.
15:03 of 1st period - Deflect By Steve Sullivan.
15:03 of 1st period - Shot Blocked by Chris Mcallister.
15:03 of 1st period - Puck is out of play.
15:04 of 1st period - Sam Gagner wins face-off versus Vincent Lecavalier in Devils zone.
15:09 of 1st period - Slapshot by Nathan Horton.
15:09 of 1st period - Stopped by Cam Ward without a rebound.
15:10 of 1st period - Simon Gagné wins face-off versus Vincent Lecavalier in Devils zone.
15:11 of 1st period - Slapshot by Sam Gagner.
15:11 of 1st period - Shot Blocked by Jay McKee.
15:25 of 1st period - Slapshot by Vincent Lecavalier.
15:25 of 1st period - Shot Misses the Net.
15:27 of 1st period - Wrist shot by Vincent Lecavalier.
15:27 of 1st period - Stopped by Brian Elliott with a rebound.
16:29 of 1st period - Snap shot by Brad Richardson.
16:29 of 1st period - Stopped by Brian Elliott with a rebound.
16:45 of 1st period - Snap shot by Simon Gagné.
16:45 of 1st period - Shot Misses the Net.
16:47 of 1st period - Snap shot by Derek Joslin.
16:47 of 1st period - Shot Blocked by Brent Seabrook.
16:49 of 1st period - Slapshot by Derek Joslin.
16:49 of 1st period - Stopped by Cam Ward without a rebound.
16:50 of 1st period - Vincent Lecavalier wins face-off versus Sam Gagner in Devils zone.
16:55 of 1st period - Wrist shot by Vincent Lecavalier.
16:55 of 1st period - Stopped by Brian Elliott without a rebound.
16:56 of 1st period - Steven Stamkos wins face-off versus Vincent Lecavalier in Penguins zone.
17:13 of 1st period - Slapshot by Vincent Lecavalier.
17:13 of 1st period - Shot Misses the Net.
18:05 of 1st period - Wrist shot by Vladimir Tarasenko.
18:05 of 1st period - Stopped by Brian Elliott with a rebound.
18:07 of 1st period - Snap shot by Ilya Kovalchuk.
18:07 of 1st period - Shot Blocked by Brayden Schenn.
18:09 of 1st period - Snap shot by Vladimir Tarasenko.
18:09 of 1st period - Stopped by Brian Elliott without a rebound.
18:10 of 1st period - Steven Stamkos wins face-off versus Vincent Lecavalier in Penguins zone.
18:10 of 1st period - Steven Stamkos is hit by Drew Miller.
18:22 of 1st period - Slapshot by Bobby Ryan.
18:22 of 1st period - Stopped by Cam Ward with a rebound.
18:24 of 1st period - Snap shot by Dion Phaneuf.
18:24 of 1st period - Stopped by Cam Ward without a rebound.
18:25 of 1st period - Steven Stamkos wins face-off versus Vincent Lecavalier in Devils zone.
18:34 of 1st period - Snap shot by Steven Stamkos.
18:34 of 1st period - Shot Misses the Net.
18:36 of 1st period - Snap shot by Max Pacioretty.
18:36 of 1st period - Stopped by Cam Ward with a rebound.
18:38 of 1st period - Slapshot by Duncan Keith.
18:38 of 1st period - Shot Misses the Net.
18:43 of 1st period - Minor Penalty to Drew Miller for Goalie Interference.
18:44 of 1st period - Steven Stamkos wins face-off versus Vincent Lecavalier in Devils zone.
18:54 of 1st period - Snap shot by Steven Stamkos.
18:54 of 1st period - Stopped by Cam Ward without a rebound.
18:55 of 1st period - Steven Stamkos wins face-off versus Vincent Lecavalier in Devils zone.
19:08 of 1st period - Snap shot by Steven Stamkos.
19:08 of 1st period - Stopped by Cam Ward with a rebound.
19:34 of 1st period - Slapshot by Brent Seabrook.
19:34 of 1st period - Stopped by Brian Elliott without a rebound.
19:35 of 1st period - Steven Stamkos wins face-off versus Vincent Lecavalier in Penguins zone.
19:39 of 1st period - Icing by Steven Stamkos.
19:40 of 1st period - Steven Stamkos wins face-off versus Vincent Lecavalier in Penguins zone.
19:47 of 1st period - Snap shot by Luke Schenn.
19:47 of 1st period - Stopped by Cam Ward without a rebound.
19:48 of 1st period - Steven Stamkos wins face-off versus Vincent Lecavalier in Devils zone.
Goals for this period are 0 for Devils vs 2 for Penguins.
Shots for this period are 14 for Devils vs 19 for Penguins.
2nd period
0:01 of 2nd period - Steven Stamkos wins face-off versus Vincent Lecavalier in neutral zone.
0:26 of 2nd period - Sean Zimmerman is hit by Mike Komisarek and loses puck.
0:43 of 2nd period - Penalty to Drew Miller is over, Drew Miller is back on ice.
1:12 of 2nd period - Slapshot by Drew Miller.
1:12 of 2nd period - Deflect By Alexandre Burrows.
1:12 of 2nd period - Stopped by Brian Elliott with a rebound.
1:24 of 2nd period - Snap shot by Bobby Ryan.
1:24 of 2nd period - Stopped by Cam Ward without a rebound.
1:25 of 2nd period - Sam Gagner wins face-off versus Matt Duchene in Devils zone.
1:33 of 2nd period - Icing by Jay McKee.
1:34 of 2nd period - Matt Duchene wins face-off versus Sam Gagner in Devils zone.
1:38 of 2nd period - Minor Penalty to Nathan Horton for Interference.
1:39 of 2nd period - Matt Duchene wins face-off versus Brayden Schenn in Penguins zone.
1:45 of 2nd period - Snap shot by Drew Miller.
1:45 of 2nd period - Stopped by Brian Elliott with a rebound.
2:05 of 2nd period - Dustin Penner is hit by Ilya Kovalchuk.
3:26 of 2nd period - Brayden Schenn is hit by Vincent Lecavalier and loses puck.
3:38 of 2nd period - Penalty to Nathan Horton is over, Nathan Horton is back on ice.
4:10 of 2nd period - Icing by Brad Richardson.
4:11 of 2nd period - Sam Gagner wins face-off versus Tyler Arnason in Devils zone.
4:22 of 2nd period - Slapshot by Mike Komisarek.
4:22 of 2nd period - Deflect By Sean Zimmerman.
4:22 of 2nd period - Stopped by Brian Elliott with a rebound.
4:26 of 2nd period - Snap shot by Brad Richardson.
4:26 of 2nd period - Shot Misses the Net.
5:15 of 2nd period - Nathan Horton is hit by Ilya Kovalchuk and loses puck.
8:07 of 2nd period - Wrist shot by Nikita Alexeev.
8:07 of 2nd period - Shot Misses the Net.
8:21 of 2nd period - Off-side.
8:22 of 2nd period - Steven Stamkos wins face-off versus Vincent Lecavalier in neutral zone.
8:45 of 2nd period - Minor Penalty to Drew Miller for Hooking.
8:46 of 2nd period - Vincent Lecavalier wins face-off versus Steven Stamkos in Devils zone.
9:21 of 2nd period - Slapshot by Simon Gagné.
9:21 of 2nd period - Shot Misses the Net.
9:23 of 2nd period - Wrist shot by Sam Gagner.
9:23 of 2nd period - Shot Misses the Net.
10:45 of 2nd period - Penalty to Drew Miller is over, Drew Miller is back on ice.
10:53 of 2nd period - Duncan Keith is hit by Ilya Kovalchuk and loses puck.
12:07 of 2nd period - Rene Bourque is hit by Paul Ranger and loses puck.
12:20 of 2nd period - Sean Zimmerman is hit by Michael Frolik.
13:43 of 2nd period - Drew Miller is hit by Brayden Schenn and loses puck.
13:56 of 2nd period - Dion Phaneuf is hit by Adam Pardy and loses puck.
14:03 of 2nd period - Steve Ott is hit by Bobby Ryan and loses puck.
14:24 of 2nd period - Karl Alzner is hit by Brian McGrattan and loses puck.
14:49 of 2nd period - Ilya Kovalchuk is hit by Steve Sullivan and loses puck.
15:06 of 2nd period - Sam Gagner is hit by Brent Seabrook and loses puck.
15:21 of 2nd period - Backhand shot by Steven Stamkos.
15:21 of 2nd period - Shot Misses the Net.
15:23 of 2nd period - Wrist shot by Bobby Ryan.
15:23 of 2nd period - Shot Misses the Net.
15:25 of 2nd period - Snap shot by Steven Stamkos.
15:25 of 2nd period - Deflect By Jay McKee.
15:25 of 2nd period - Shot Misses the Net.
15:25 of 2nd period - Puck is out of play.
15:26 of 2nd period - Vincent Lecavalier wins face-off versus Steven Stamkos in Devils zone.
15:47 of 2nd period - Steven Stamkos is hit by Vincent Lecavalier and loses puck.
16:10 of 2nd period - Snap shot by Bobby Ryan.
16:10 of 2nd period - Shot Blocked by Brent Seabrook.
16:12 of 2nd period - Snap shot by Bobby Ryan.
16:12 of 2nd period - Shot Blocked by Chris Phillips.
16:14 of 2nd period - Slapshot by Sean Zimmerman.
16:14 of 2nd period - Deflect By Steven Stamkos.
16:14 of 2nd period - Stopped by Cam Ward without a rebound.
16:15 of 2nd period - Sam Gagner wins face-off versus Matt Duchene in Devils zone.
16:16 of 2nd period - Slapshot by Nathan Horton.
16:16 of 2nd period - Stopped by Cam Ward without a rebound.
16:17 of 2nd period - Sam Gagner wins face-off versus Matt Duchene in Devils zone.
16:20 of 2nd period - Snap shot by Sam Gagner.
16:20 of 2nd period - Stopped by Cam Ward with a rebound.
16:22 of 2nd period - Slapshot by Nathan Horton.
16:22 of 2nd period - Shot Blocked by Mike Komisarek.
16:24 of 2nd period - Backhand shot by Nathan Horton.
16:24 of 2nd period - Shot Misses the Net.
16:26 of 2nd period - Slapshot by Paul Ranger.
16:26 of 2nd period - Shot Misses the Net.
16:28 of 2nd period - Slapshot by Derek Joslin.
16:28 of 2nd period - Stopped by Cam Ward without a rebound.
16:29 of 2nd period - Sam Gagner wins face-off versus Matt Duchene in Devils zone.
16:56 of 2nd period - Max Pacioretty is hit by Michael Frolik and loses puck.
17:01 of 2nd period - Snap shot by Drew Miller.
17:01 of 2nd period - Shot Misses the Net.
17:03 of 2nd period - Snap shot by Mike Komisarek.
17:03 of 2nd period - Stopped by Brian Elliott without a rebound.
17:04 of 2nd period - Sam Gagner wins face-off versus Vincent Lecavalier in Penguins zone.
17:35 of 2nd period - Mike Komisarek is hit by Dustin Penner and loses puck.
17:50 of 2nd period - Slapshot by Luke Schenn.
17:50 of 2nd period - Deflect By Bobby Ryan.
17:50 of 2nd period - Goal by Bobby Ryan - Devils : 0 - Penguins : 3.
17:51 of 2nd period - Steven Stamkos wins face-off versus Vincent Lecavalier in neutral zone.
17:56 of 2nd period - Slapshot by Dion Phaneuf.
17:56 of 2nd period - Shot Misses the Net.
17:58 of 2nd period - Wrist shot by Steven Stamkos.
17:58 of 2nd period - Shot Blocked by Chris Phillips.
18:00 of 2nd period - Snap shot by Max Pacioretty.
18:00 of 2nd period - Stopped by Cam Ward with a rebound.
18:37 of 2nd period - Backhand shot by Vincent Lecavalier.
18:37 of 2nd period - Shot Misses the Net.
18:49 of 2nd period - Karl Alzner is hit by Josef Vasicek and loses puck.
19:05 of 2nd period - Wrist shot by Josef Vasicek.
19:05 of 2nd period - Stopped by Cam Ward with a rebound.
19:17 of 2nd period - Snap shot by Brian McGrattan.
19:17 of 2nd period - Stopped by Cam Ward with a rebound.
19:23 of 2nd period - Slapshot by Dustin Penner.
19:23 of 2nd period - Stopped by Cam Ward with a rebound.
19:25 of 2nd period - Wrist shot by Dustin Penner.
19:25 of 2nd period - Shot Misses the Net.
19:27 of 2nd period - Wrist shot by Sean Zimmerman.
19:27 of 2nd period - Stopped by Cam Ward with a rebound.
19:29 of 2nd period - Snap shot by Brian McGrattan.
19:29 of 2nd period - Stopped by Cam Ward without a rebound.
19:30 of 2nd period - Matt Duchene wins face-off versus Steven Stamkos in Devils zone.
19:39 of 2nd period - Wrist shot by Matt Duchene.
19:39 of 2nd period - Shot Blocked by Duncan Keith.
19:41 of 2nd period - Slapshot by Chris Phillips.
19:41 of 2nd period - Goal by Chris Phillips - Devils : 1 - Penguins : 3.
19:42 of 2nd period - Matt Duchene wins face-off versus Steven Stamkos in neutral zone.
19:48 of 2nd period - Minor Penalty to Max Pacioretty for Hooking.
19:49 of 2nd period - Vladimir Tarasenko wins face-off versus Brayden Schenn in Penguins zone.
19:50 of 2nd period - Wrist shot by Ilya Kovalchuk.
19:50 of 2nd period - Stopped by Brian Elliott without a rebound.
19:51 of 2nd period - Vincent Lecavalier wins face-off versus Brayden Schenn in Penguins zone.
19:52 of 2nd period - Snap shot by Ilya Kovalchuk.
19:52 of 2nd period - Stopped by Brian Elliott with a rebound.
Goals for this period are 1 for Devils vs 1 for Penguins.
Shots for this period are 7 for Devils vs 12 for Penguins.
3rd period
0:01 of 3rd period - Matt Duchene wins face-off versus Brayden Schenn in neutral zone.
0:04 of 3rd period - Slapshot by Drew Miller.
0:04 of 3rd period - Shot Blocked by Brayden Schenn.
1:26 of 3rd period - Bobby Ryan is hit by Vladimir Tarasenko and loses puck.
1:48 of 3rd period - Penalty to Max Pacioretty is over, Max Pacioretty is back on ice.
1:49 of 3rd period - Brent Seabrook is hit by Duncan Keith and loses puck.
2:14 of 3rd period - Snap shot by Rene Bourque.
2:14 of 3rd period - Shot Misses the Net.
2:28 of 3rd period - Dustin Penner is hit by Adam Pardy and loses puck.
2:37 of 3rd period - Wrist shot by Brad Richardson.
2:37 of 3rd period - Stopped by Brian Elliott without a rebound.
2:38 of 3rd period - Brayden Schenn wins face-off versus Tyler Arnason in Penguins zone.
2:38 of 3rd period - Brayden Schenn is hit by Alexandre Burrows.
3:08 of 3rd period - Wrist shot by Simon Gagné.
3:08 of 3rd period - Shot Misses the Net.
3:20 of 3rd period - Chris Mcallister is hit by Simon Gagné and loses puck.
3:35 of 3rd period - Wrist shot by Michael Frolik.
3:35 of 3rd period - Shot Blocked by Bobby Ryan.
3:37 of 3rd period - Snap shot by Drew Miller.
3:37 of 3rd period - Stopped by Brian Elliott with a rebound.
4:13 of 3rd period - Luke Schenn is hit by Tyler Arnason and loses puck.
5:00 of 3rd period - Snap shot by Ilya Kovalchuk.
5:00 of 3rd period - Shot Blocked by Simon Gagné.
5:12 of 3rd period - Slapshot by Nathan Horton.
5:12 of 3rd period - Deflect By Simon Gagné.
5:12 of 3rd period - Shot Blocked by Rene Bourque.
5:12 of 3rd period - Puck is out of play.
5:13 of 3rd period - Steve Ott wins face-off versus Josef Vasicek in Devils zone.
5:56 of 3rd period - Slapshot by Michael Frolik.
5:56 of 3rd period - Goal by Michael Frolik - Devils : 2 - Penguins : 3.
5:57 of 3rd period - Steven Stamkos wins face-off versus Vincent Lecavalier in neutral zone.
6:02 of 3rd period - Slapshot by Steven Stamkos.
6:02 of 3rd period - Shot Blocked by Vincent Lecavalier.
6:24 of 3rd period - Simon Gagné is hit by Ilya Kovalchuk and loses puck.
8:04 of 3rd period - Karl Alzner is hit by Dion Phaneuf and loses puck.
8:46 of 3rd period - Icing by Vladimir Tarasenko.
8:47 of 3rd period - Steven Stamkos wins face-off versus Matt Duchene in Devils zone.
9:14 of 3rd period - Slapshot by Nikita Alexeev.
9:14 of 3rd period - Stopped by Cam Ward without a rebound.
9:15 of 3rd period - Steve Sullivan wins face-off versus Vincent Lecavalier in Devils zone.
9:30 of 3rd period - Drew Miller is hit by Brayden Schenn and loses puck.
9:41 of 3rd period - Duncan Keith is hit by Chris Phillips and loses puck.
10:09 of 3rd period - Backhand shot by Brad Richardson.
10:09 of 3rd period - Shot Misses the Net.
10:11 of 3rd period - Slapshot by Brent Seabrook.
10:11 of 3rd period - Stopped by Brian Elliott without a rebound.
10:12 of 3rd period - Vincent Lecavalier wins face-off versus Sam Gagner in Penguins zone.
10:43 of 3rd period - Minor Penalty to Max Pacioretty for High sticking.
10:44 of 3rd period - Brayden Schenn wins face-off versus Matt Duchene in Penguins zone.
10:56 of 3rd period - Dion Phaneuf is hit by Karl Alzner and loses puck.
11:01 of 3rd period - Snap shot by Michael Frolik.
11:01 of 3rd period - Stopped by Brian Elliott with a rebound.
11:17 of 3rd period - Snap shot by Ilya Kovalchuk.
11:17 of 3rd period - Shot Misses the Net.
11:35 of 3rd period - Bobby Ryan is hit by Drew Miller and loses puck.
12:43 of 3rd period - Penalty to Max Pacioretty is over, Max Pacioretty is back on ice.
12:53 of 3rd period - Wrist shot by Mike Komisarek.
12:53 of 3rd period - Shot Misses the Net.
12:55 of 3rd period - Wrist shot by Chris Mcallister.
12:55 of 3rd period - Shot Misses the Net.
12:57 of 3rd period - Slapshot by Karl Alzner.
12:57 of 3rd period - Deflect By Duncan Keith.
12:57 of 3rd period - Stopped by Brian Elliott without a rebound.
12:58 of 3rd period - Steve Ott wins face-off versus Josef Vasicek in Penguins zone.
13:45 of 3rd period - Paul Ranger is hit by Vincent Lecavalier and loses puck.
13:52 of 3rd period - Vincent Lecavalier is hit by Sam Gagner and loses puck.
14:05 of 3rd period - Nikita Alexeev is hit by Steve Ott and loses puck.
14:10 of 3rd period - Snap shot by Chris Mcallister.
14:10 of 3rd period - Shot Misses the Net.
14:12 of 3rd period - Wrist shot by Chris Mcallister.
14:12 of 3rd period - Deflect By Rene Bourque.
14:12 of 3rd period - Shot Misses the Net.
14:12 of 3rd period - Puck is out of play.
14:13 of 3rd period - Steven Stamkos wins face-off versus Tyler Arnason in Penguins zone.
14:22 of 3rd period - Snap shot by Brad Richardson.
14:22 of 3rd period - Stopped by Brian Elliott without a rebound.
14:23 of 3rd period - Bobby Ryan wins face-off versus Tyler Arnason in Penguins zone.
14:42 of 3rd period - Wrist shot by Alexandre Burrows.
14:42 of 3rd period - Stopped by Brian Elliott with a rebound.
14:44 of 3rd period - Snap shot by Brad Richardson.
14:44 of 3rd period - Stopped by Brian Elliott without a rebound.
14:45 of 3rd period - Vincent Lecavalier wins face-off versus Sam Gagner in Penguins zone.
14:46 of 3rd period - Snap shot by Michael Frolik.
14:46 of 3rd period - Stopped by Brian Elliott without a rebound.
14:47 of 3rd period - Vincent Lecavalier wins face-off versus Nathan Horton in Penguins zone.
15:12 of 3rd period - Dion Phaneuf is hit by Chris Mcallister and loses puck.
15:30 of 3rd period - Icing by Matt Duchene.
15:31 of 3rd period - Matt Duchene wins face-off versus Steven Stamkos in Devils zone.
15:36 of 3rd period - Slapshot by Brent Seabrook.
15:36 of 3rd period - Stopped by Brian Elliott without a rebound.
15:37 of 3rd period - Vincent Lecavalier wins face-off versus Josef Vasicek in Penguins zone.
15:51 of 3rd period - Vincent Lecavalier is hit by Brian McGrattan and loses puck.
16:08 of 3rd period - Icing by Chris Mcallister.
16:09 of 3rd period - Steven Stamkos wins face-off versus Steve Ott in Devils zone.
16:10 of 3rd period - Wrist shot by Bobby Ryan.
16:10 of 3rd period - Shot Misses the Net.
16:20 of 3rd period - Slapshot by Luke Schenn.
16:20 of 3rd period - Stopped by Cam Ward with a rebound.
16:22 of 3rd period - Snap shot by Steven Stamkos.
16:22 of 3rd period - Goal by Steven Stamkos - Devils : 2 - Penguins : 4.
16:23 of 3rd period - Josef Vasicek wins face-off versus Vincent Lecavalier in neutral zone.
16:33 of 3rd period - Brian McGrattan is hit by Vincent Lecavalier and loses puck.
18:14 of 3rd period - Off-side.
18:15 of 3rd period - Rene Bourque wins face-off versus Steven Stamkos in neutral zone.
19:20 of 3rd period - Icing by Michael Frolik.
19:21 of 3rd period - Sam Gagner wins face-off versus Drew Miller in Devils zone.
Goals for this period are 1 for Devils vs 1 for Penguins.
Shots for this period are 11 for Devils vs 3 for Penguins.
Back to the Top